 Dungeon Crawl Stone Soup version 0.25.1-2-g60ff931df9 (webtiles) character file.

Game seed: 8828881811544680067

4973 HawFromDerth the Unseen (level 10, -7/49 HPs)
             Began as a Spriggan Assassin on Aug 20, 2020.
             Was an Elder of Yredelemnul.
             Mangled by an orc warrior
             ... wielding a +2 morningstar of draining
              (8 damage)
             ... on level 9 of the Dungeon.
             The game lasted 00:45:53 (11710 turns).

HawFromDerth the Unseen (Spriggan Assassin)        Turns: 11710, Time: 00:45:56

Health: -7/49      AC:  3    Str:  7    XL:     10   Next: 28%
Magic:  13/13      EV: 26    Int: 13    God:    Yredelemnul [****..]
Gold:   424        SH:  0    Dex: 21    Spells: 9/9 levels left

rFire    . . .     SeeInvis +   t - +3 dagger (venom)
rCold    . . .     Gourm    .   (shield restricted)
rNeg     . . .     Faith    .   b - +0 robe
rPois    +         Spirit   .   (helmet restricted)
rElec    .         Reflect  .   c - +0 cloak
rCorr    .         Harm     .   (gloves unavailable)
MR       +....                  (boots unavailable)
Stlth    +++++++...             d - amulet of the acrobat
HPRegen  0.16/turn              k - ring of poison resistance
MPRegen  0.13/turn              p - +4 ring of evasion

@: lightly drained, very quick
A: very small, unfitting armour, see invisible, herbivore, speed 3, slow
metabolism 2
a: Recall Undead Slaves, Injury Mirror, Animate Dead, Drain Life, Renounce
Religion


You were on level 9 of the Dungeon.
You worshipped Yredelemnul.
Yredelemnul was greatly pleased with you.
You were very hungry.

You visited 1 branch of the dungeon, and saw 9 of its levels.

You collected 424 gold pieces.

Inventory:

Hand Weapons
 o - a +1 short sword of speed
 t - a +3 dagger of venom (weapon)
Armour
 b - a +0 robe (worn)
 c - a +0 cloak (worn)
Magical Staves
 g - an uncursed staff of poison
Jewellery
 d - an amulet of the acrobat (around neck)
 k - a ring of poison resistance (left hand)
 p - a +4 ring of evasion (right hand)
 y - a cursed ring of attention
Wands
 a - a wand of flame (23)
 x - a wand of random effects (30)
 H - a wand of enslavement (5)
Scrolls
 e - 2 scrolls of enchant weapon
 h - a scroll of fear
 m - a scroll of immolation
 n - 7 scrolls of teleportation
 q - a scroll of vulnerability
 r - 2 scrolls of enchant armour
 s - a scroll of noise
 u - 2 scrolls of blinking
 w - 4 scrolls of remove curse
 z - a scroll of fog
 B - a scroll of amnesia
Potions
 j - 2 potions of curing
 l - 2 potions of invisibility {unknown}
 v - a potion of lignification {unknown}
 A - a potion of brilliance {unknown}
 C - a potion of degeneration {unknown}
 E - a potion of stabbing {unknown}
 G - a potion of mutation {unknown}
 I - a potion of might {unknown}
Comestibles
 f - 5 rations


   Skills:
 + Level 3.3(2.8) Fighting
 + Level 7.2(6.7) Short Blades
 + Level 5.4(4.8) Throwing
 + Level 6.6(6.0) Dodging
 * Level 16.9(16.2) Stealth
 + Level 3.0(2.5) Evocations


You had 9 spell levels left.
You didn't know any spells.
Your spell library contained the following spells:

 Spells                   Type           Power        Failure   Level  Hunger
 Animate Skeleton         Necr           N/A          30%         1    ##.....
 Apportation              Tloc           #.....       30%         1    ##.....
 Corona                   Hex            #......      30%         1    ##.....
 Summon Small Mammal      Summ           #...         30%         1    ##.....
 Confusing Touch          Hex            #.......     67%         3    ####...
 Gell's Gravitas          Tloc           #.........   67%         3    ####...
 Petrify                  Tmut/Erth      #.......     97%         4    #####..
 Metabolic Englaciation   Hex/Ice        #.........   100%        5    ######.
 Yara's Violent Unravell  Hex/Tmut       #.........   100%        5    ######.


Dungeon Overview and Level Annotations

Branches:
Dungeon (9/15)             Temple (0/1) D:6             Orc (0/2) D:9
   Lair: D:8-11

Altars:
Dithmenos
Elyvilon
Fedhas
Kikubaaqudgha
Sif Muna
Vehumet
Xom
Yredelemnul
Beogh


Innate Abilities, Weirdness & Mutations

You are very small and have problems with some larger weapons.
You are too small for most types of armour.
You have supernaturally acute eyesight. (SInv)
You are a herbivore.
You cover ground extremely quickly.
You need to consume almost no food.


Message History

You closely miss the orc warrior. The orc warrior closely misses you.
You hit the orc warrior.
The orc warrior is poisoned.
The orc warrior is lightly wounded.
You hit the orc warrior but do no damage.
The orc warrior is lightly wounded.
The orc warrior misses you.
You closely miss the orc warrior.
The orc warrior is lightly wounded.
The orc warrior misses you.
The orc shouts!
You hit the orc warrior but do no damage.
The orc warrior is lightly wounded.
You hit the orc warrior.
The orc warrior is moderately wounded.
The orc warrior hits you with a +2 morningstar of draining!!
Ouch! That really hurt!
* * * LOW HITPOINT WARNING * * *
You feel drained.
You die...
Your body rises from the dead as a mindless zombie.

#####'##### ####.#### ......
#.........####.......# ...%..
#.........'[.#.......# ......
#.).......##.........# ..<...
#.........####.......# ......
#[...))...# #...##### ......
))........# #...#PP.# ......
#.)..._...# #..)#P_P######......
#..)......# #..@#PP.##...T......
########### ###o##P.P#.#########
###..##..P#..# #............#
###....o..T....#
##########.'......#..P###
##..........#......#P.P##########
#..##########>.....##..P#........
#.## #.......#._.#########


You could see an orc warrior (very poisoned) and an orc.

Vanquished Creatures
  A two-headed ogre (D:8)
  Pikel (D:7)
  A troll (D:9)
  Prince Ribbit (D:7)
  A hippogriff (D:8)
  Menkaure (D:7)
  3 orc warriors
  An ice beast (D:8)
  3 slaves (D:7)
  A phantom (D:8)
  5 sky beasts
  3 ogres
  2 centaurs (D:6)
  Blork the orc (D:5)
  3 bullfrogs
  2 scorpions
  6 howler monkeys
  A bullfrog zombie (D:5)
  6 orc priests
  3 hounds
  9 orc wizards
  Jessica (D:2)
  2 iguanas
  7 worker ants
  A hound skeleton (D:8)
  A worker ant zombie (D:5)
  4 adders
  5 gnolls
  2 shadow imps (D:5)
  An adder skeleton (D:5)
  A worm (D:3)
  3 dart slugs
  6 leopard geckos
  27 orcs
  4 bats
  5 giant cockroaches
  16 goblins
  10 hobgoblins
  9 jackals
  3 quokkas
  2 ball pythons
  5 frilled lizards
  6 kobolds
  A leopard gecko skeleton (D:4)
  6 rats
  A spectral orc (D:2)
184 creatures vanquished.

Vanquished Creatures (collateral kills)
  2 ogres (D:9)
  A big kobold (D:9)
  4 wights (D:9)
  2 howler monkeys (D:9)
  An orc priest (D:9)
  An adder (D:4)
  An ooze (D:4)
  16 orcs
  A giant cockroach (D:3)
  A quokka (D:9)
30 creatures vanquished.

Vanquished Creatures (others)
  3 flying skulls (D:9)
  A sky beast zombie (D:7)
  3 gnolls (D:7)
  7 orc zombies (D:9)
  3 plants (D:9)
  A withered plant (D:9)
18 creatures vanquished.

Grand Total: 232 creatures vanquished

Notes
Turn   | Place    | Note
-------+----------+-------------------------------------------
     0 | D:1      | HawFromDerth the Spriggan Assassin began the quest for the
                  | Orb.
     0 | D:1      | Reached XP level 1. HP: 10/10 MP: 2/2
    24 | D:1      | Reached skill level 6 in Stealth
   273 | D:1      | Reached XP level 2. HP: 14/14 MP: 3/3
   847 | D:2      | Reached skill level 7 in Stealth
   847 | D:2      | Reached XP level 3. HP: 14/18 MP: 4/4
  1191 | D:2      | Found a basalt altar of Yredelemnul.
  1200 | D:2      | Became a worshipper of Yredelemnul the Dark
  1433 | D:2      | Reached XP level 4. HP: 22/22 MP: 5/5
  1546 | D:2      | Noticed Jessica
  1549 | D:2      | Killed Jessica
  1549 | D:2      | Reached skill level 8 in Stealth
  1818 | D:2      | Reached * piety under Yredelemnul
  2673 | D:3      | Reached XP level 5. HP: 25/25 MP: 6/6
  3172 | D:3      | Found a shadowy altar of Dithmenos.
  4119 | D:4      | Reached skill level 9 in Stealth
  4184 | D:4      | Reached XP level 6. HP: 30/30 MP: 7/7
  4418 | D:4      | Reached skill level 10 in Stealth
  5226 | D:5      | Entered Level 5 of the Dungeon
  5261 | D:5      | Noticed Blork the orc
  5267 | D:5      | Killed Blork the orc
  5267 | D:5      | Reached XP level 7. HP: 34/34 MP: 8/8
  5308 | D:5      | Reached ** piety under Yredelemnul
  5566 | D:5      | Reached skill level 11 in Stealth
  6309 | D:6      | Reached XP level 8. HP: 39/39 MP: 9/9
  6381 | D:6      | Reached skill level 12 in Stealth
  6789 | D:6      | Found a shimmering altar of Xom.
  6817 | D:6      | Found a staircase to the Ecumenical Temple.
  6934 | D:7      | Noticed Prince Ribbit
  6956 | D:7      | Reached skill level 13 in Stealth
  6972 | D:7      | Killed Prince Ribbit
  6972 | D:7      | Reached skill level 5 in Short Blades
  6972 | D:7      | Reached skill level 1 in Evocations
  7235 | D:7      | Noticed Pikel
  7348 | D:7      | Killed Pikel
  7348 | D:7      | Reached skill level 5 in Dodging
  7348 | D:7      | Reached skill level 14 in Stealth
  7348 | D:7      | Reached XP level 9. HP: 38/43 MP: 9/11
  7383 | D:7      | Noticed Menkaure
  8502 | D:7      | Reached *** piety under Yredelemnul
  8823 | D:7      | Killed Menkaure
  8982 | D:7      | Reached skill level 15 in Stealth
  9765 | D:8      | Found a radiant altar of Vehumet.
  9771 | D:8      | Reached skill level 5 in Throwing
  9987 | D:8      | Found a white marble altar of Elyvilon.
 10059 | D:8      | Noticed a two-headed ogre
 10065 | D:8      | Killed a two-headed ogre
 10065 | D:8      | Reached skill level 16 in Stealth
 10065 | D:8      | Reached XP level 10. HP: 49/49 MP: 12/12
 10535 | D:9      | Found a shimmering blue altar of Sif Muna.
 10809 | D:9      | Found an ancient bone altar of Kikubaaqudgha.
 10857 | D:9      | Found a blossoming altar of Fedhas.
 10871 | D:9      | Identified a scroll of acquirement
 10872 | D:9      | Acquired an uncursed staff of poison
 11036 | D:9      | Noticed a two-headed ogre
 11271 | D:9      | Found a roughly hewn altar of Beogh.
 11304 | D:9      | Received a gift from Yredelemnul (3 flying skulls)
 11377 | D:9      | Reached **** piety under Yredelemnul
 11526 | D:9      | Found a staircase to the Orcish Mines.
 11710 | D:9      | HP: 1/49 [orc warrior/+2 morningstar of draining (25)]
 11710 | D:9      | Mangled by an orc warrior

Illustrated notes

Levels and vault maps discovered:
D:1:      lightli_arrival_quake, layout_loops_ring
D:2:      layout_loops_ring, yredelemnul_forgotten_temple_becter,
          minmay_goblin_outpost, uniq_jessica
D:3:      layout_basic, old_standard_altar, kennysheep_minor_cross,
          hangedman_decor_riveting, feat_on_display
D:4:      layout_basic
D:5:      layout_loops_ring, first_ration, uniq_blork_the_orc
D:6:      layout_cave_pools, old_standard_altar,
          minmay_temple_entry_statues_fountains, grunt_ministairs_13
D:7:      layout_loops_cross, uniq_menkaure, uniq_prince_ribbit1, uniq_pikel
D:8:      layout_basic, elyvilon_altar_4, vehumet_altar_wand_db
D:9:      layout_roguey [special_room_orc],
          grunt_temple_overflow_growth_and_decay, old_standard_altar,
          kennysheep_orc_monster_closet_entryway

Skill      XL: |  1  2  3  4  5  6  7  8  9 10 |
---------------+-------------------------------+-----
Stealth        | 6 7 8 9 10 11 14 16 | 16.9
Dodging        | 2 3 4 5 6 |  6.6
Throwing       | 3 4 5 |  5.4
Short Blades   | 3 4 5 6 7 |  7.2
Fighting       | 2 3 |  3.3
Evocations     | 2 3 |  3.0

Action                   |  1- 3 |  4- 6 |  7- 9 | 10-12 || total
-------------------------+-------+-------+-------+-------++-------
Melee: Dagger            |    50 |   142 |   262 |   149 ||   603
Throw: Dart              |    29 |    44 |    26 |    13 ||   112
Invok: Animate Remains   |       |     4 |     4 |       ||     8
       Injury Mirror     |       |       |     1 |       ||     1
       Animate Dead      |       |       |       |     3 ||     3
Evoke: Wand              |       |       |    10 |    13 ||    23
  Use: Potion            |       |     5 |     2 |     1 ||     8
       Scroll            |       |     4 |     1 |    11 ||    16
 Stab: Sleeping          |    16 |    18 |    21 |     1 ||    56
       Distracted        |       |     5 |     2 |       ||     7
  Eat: Ration            |       |     1 |     4 |       ||     5
Armor: Robe              |     9 |    12 |     5 |     6 ||    32
Dodge: Dodged            |    32 |    84 |   169 |   116 ||   401
